 Dungeon Crawl Stone Soup version 0.31-a0-692-gf03d1854d5 (webtiles) character file.

Game seed: 16925399724307597907

427 qw the Shooter (level 6, -1/40 HPs)
             Began as a Gargoyle Hunter on Sept 6, 2023.
             Killed from afar by an orc wizard (5 damage)
             ... with a magic dart
             ... on level 5 of the Dungeon.
             The game lasted 00:01:12 (3219 turns).

qw the Shooter (Gargoyle Hunter)                    Turns: 3219, Time: 00:01:13

Health: -1/40      AC:  8    Str: 15    XL:     6   Next: 97%
Magic:  6/6        EV: 11    Int:  9    God:
Gold:   99         SH:  0    Dex: 15    Spells: 5/5 levels left

rFire   . . .        Y - +2 shortbow
rCold   + . .        (shield currently unavailable)
rNeg    + . .        c - +0 leather armour
rPois   inf          (no helmet)
rElec   +            l - +0 cloak
rCorr   .            (no gloves)
SInv    .            (no boots)
Will    +....        (no amulet)
Stlth   ++           f - ring of protection from cold
HPRegen 0.26/turn    d - ring of willpower
MPRegen 0.10/turn

%: no passive effects
@: no status effects
A: sickness immunity, AC +4, negative energy resistance 1, electricity
resistance, torment resistance 1, petrification resistance
a: no special abilities


You were on level 5 of the Dungeon.
You visited 1 branch of the dungeon, and saw 5 of its levels.

You collected 238 gold pieces.
You spent 139 gold pieces at shops.


Innate Abilities, Weirdness & Mutations

You are immune to sickness and miasma.
Your stone body is resilient. (AC +4)
You are immune to poison.
You resist negative energy. (rN+)
You are resistant to electric shocks. (rElec)
You are resistant to unholy torment.
You are immune to petrification.


   Skills:
 - Level 4.9 Fighting
 + Level 6.7 Ranged Weapons
 - Level 1.2 Armour
 - Level 1.5 Dodging
 - Level 1.1 Stealth


You had 5 spell levels left.
You didn't know any spells.
Your spell library was empty.

Inventory:

Hand Weapons
 Y - a +2 shortbow (weapon)
Armour
 c - a +0 leather armour (worn)
 l - a +0 cloak (worn)
Jewellery
 d - a ring of willpower (right hand)
 f - a ring of protection from cold (left hand)
Scrolls
 a - a scroll of identify
Potions
 b - a potion of haste
 e - a potion of curing
 g - a potion of enlightenment
 h - a potion of brilliance {unknown}
 i - a potion of cancellation {unknown}
 j - a potion of lignification {unknown}
 k - a potion of attraction {unknown}

Dungeon Overview and Level Annotations

Branches:
Dungeon (5/15)
 Temple: D:4-7

Altars:

Shops:
D:4 ([

Annotations:
D:4 1 runed translucent door, Crazy Yiuf


Message History

You shoot an arrow. The arrow closely misses the orc.
The arrow barely misses the orc wizard.
The arrow barely misses the gnoll.
You shoot an arrow. The arrow completely misses the orc.
The arrow misses the orc wizard.
The arrow closely misses the gnoll.
The orc hits you with a +0 mace of protection.
You shoot an arrow.
The arrow hits the orc but does no damage.
The orc hits you with a +0 mace of protection.
The gnoll hits you from afar with a +0 spear.
You shoot an arrow. The arrow closely misses the orc.
The arrow hits the orc wizard.
The orc wizard is lightly wounded.
The orc closely misses you. The gnoll barely misses you.
You shoot an arrow. The arrow hits the orc.
The orc is heavily wounded.
The orc hits you but does no damage.
The gnoll hits you from afar with a +0 spear.
You shoot an arrow. The arrow barely misses the orc wizard.
The arrow completely misses the orc.
The gnoll hits you from afar with a +0 spear.
The orc wizard closely misses you. The gnoll barely misses you.
You shoot an arrow. The arrow hits the orc wizard.
The orc wizard is moderately wounded.
The orc wizard hits you but does no damage.
The gnoll hits you from afar with a +0 spear.
You shoot an arrow. The arrow barely misses the orc wizard.
The arrow hits the orc but does no damage.
The orc is heavily wounded.
The orc wizard gestures at you while chanting.
The magic dart hits you!
The gnoll hits you from afar with a +0 spear.
You shoot an arrow. The arrow hits the orc wizard.
The orc wizard is heavily wounded.
The orc wizard barely misses you. The gnoll completely misses you.
You shoot an arrow.
The arrow closely misses the orc wizard.
The arrow closely misses the orc.
The orc wizard points at you and mumbles some strange words.
The magic dart hits you.
You die... .# #.# .g.. #.# gg..

#.# .... #.#
... # #.#o.#
#.###g#..#.#
#..@oo.)...#
#####<#..###
#........
###..####
.... ##.# ..
#


You could see an orc wizard, a gnoll and an orc.

Vanquished Creatures
  A black bear (D:4)
  2 hounds (D:4)
  An orc priest (D:3)
  4 orc wizards
  4 adders
  5 dart slugs
  12 orcs
  5 bats
  8 endoplasms
  4 giant cockroaches
  8 goblins
  6 hobgoblins
  3 jackals (D:1)
  3 quokkas
  13 ball pythons
  2 frilled lizards
  2 kobolds (D:2)
  10 rats
93 creatures vanquished.

Notes
Turn   | Place    | Note
-------+----------+-------------------------------------------
     0 | D:1      | qw the Gargoyle Hunter began the quest for the Orb.
     0 | D:1      | Reached XP level 1. HP: 12/12 MP: 1/1
     0 | D:1      | 0 ||| qw: Version: 0.3-a-76-g4403597
     0 | D:1      | 0 ||| qw: Game counter: 166
     0 | D:1      | 0 ||| qw: Melee chars always use a shield: true
     0 | D:1      | 0 ||| qw: God list: Okawaru
     0 | D:1      | 0 ||| qw: Allow faded altars: false
     0 | D:1      | 0 ||| qw: Do Orc after clearing Dungeon:15 true
     0 | D:1      | 0 ||| qw: Do second Lair branch before Depths: true
     0 | D:1      | 0 ||| qw: Lair rune preference: random
     0 | D:1      | 0 ||| qw: Goals: Normal
     0 | D:1      | 0 ||| PLANNING D:1-11
    30 | D:1      | Reached XP level 2. HP: 17/17 MP: 2/2
    53 | D:1      | 53 ||| READING scroll labelled ASTREXKICVUX.
    54 | D:1      | 54 ||| DROPPING scroll of butterflies.
   253 | D:1      | Reached XP level 3. HP: 21/21 MP: 3/3
   285 | D:1      | Reached skill level 5 in Ranged Weapons
   380 | D:1      | Found a faded altar of an unknown god.
   832 | D:1      | 832 ||| UPGRADING to ring of protection from cold.
   833 | D:1      | 833 ||| READING scroll labelled GACOEDA LYNTA.
   834 | D:1      | 834 ||| READING scroll labelled VIOMUIPSUIHO.
   835 | D:1      | 835 ||| READING scroll labelled ZAL GATUKHLUIL.
   836 | D:1      | 836 ||| DRINKING 2 blue potions.
   947 | D:2      | Reached skill level 3 in Fighting
  1152 | D:2      | Identified the +6 hand axe of Hefe {spect, *Noise Int+6
                  | Dex+2}
  1290 | D:2      | 1290 ||| READING scroll of enchant weapon.
  1290 | D:2      | 1290 ||| ENCHANTING +1 shortbow.
  1362 | D:2      | Reached XP level 4. HP: 28/28 MP: 4/4
  1378 | D:2      | 1378 ||| READING scroll labelled FULEOB WYJUPP.
  1379 | D:2      | 1379 ||| READING scroll labelled EGIKKI ZALYST.
  1380 | D:2      | 1380 ||| READING scroll labelled VOEW NIUSMYDGHU.
  1381 | D:2      | 1381 ||| DRINKING 2 fizzy dark potions.
  1382 | D:2      | 1382 ||| READING 2 scrolls of identify.
  1382 | D:2      | 1382 ||| IDENTIFYING coppery potion
  1750 | D:3      | HP: 4/28 [orc priest/divine providence (16)]
  1751 | D:3      | 1751 ||| DRINKING potion of heal wounds.
  1756 | D:3      | Reached XP level 5. HP: 18/32 MP: 5/5
  1948 | D:3      | 1948 ||| DRINKING 2 potions of curing.
  1948 | D:3      | 1948 ||| (to cure confusion)
  1950 | D:3      | Reached skill level 6 in Ranged Weapons
  1957 | D:3      | 1957 ||| FLEEEEING.
  2235 | D:3      | 2235 ||| READING scroll labelled PAC XAEFIMETU.
  2236 | D:3      | 2236 ||| READING scroll labelled PUDOVY WACYNTA.
  2328 | D:4      | Found a runed translucent door.
  2329 | D:4      | Noticed Crazy Yiuf
  2399 | D:4      | Noticed a black bear
  2400 | D:4      | 2400 ||| FLEEEEING.
  2401 | D:4      | 2401 ||| FLEEEEING.
  2403 | D:4      | 2403 ||| FLEEEEING.
  2406 | D:4      | 2406 ||| FLEEEEING.
  2407 | D:4      | 2407 ||| FLEEEEING.
  2408 | D:4      | 2408 ||| STAIRDANCE
  2426 | D:3      | 2426 ||| FLEEEEING.
  2427 | D:3      | 2427 ||| FLEEEEING.
  2440 | D:3      | 2440 ||| UPGRADING to ring of willpower.
  2453 | D:4      | HP: 7/33 [black bear (3)]
  2454 | D:4      | Killed a black bear
  2455 | D:4      | Reached XP level 6. HP: 9/40 MP: 6/6
  2455 | D:4      | 2455 ||| STAIRDANCE
  2666 | D:4      | Found Quodyhic's Antique Armour Emporium.
  2678 | D:4      | 2678 ||| BUYING cloak (139 gold).
  2678 | D:4      | Bought a cloak for 139 gold pieces
  2678 | D:4      | 2678 ||| SHOPLISTING ichor-stained robe (176 gold, have
                  | 50).
  2678 | D:4      | 2678 ||| SHOPLISTING ring mail (124 gold, have 50).
  2890 | D:4      | Found Dafi Wai's Weapon Shop.
  2900 | D:4      | 2900 ||| UPGRADING to +0 cloak.
  2932 | D:4      | Reached skill level 1 in Armour
  3185 | D:4      | 3185 ||| READING 2 scrolls of identify.
  3185 | D:4      | 3185 ||| IDENTIFYING silvery potion
  3201 | D:5      | Entered Level 5 of the Dungeon
  3202 | D:5      | 3202 ||| Stepping ~*~*~tactically~*~*~ (retreating).
  3207 | D:5      | 3207 ||| Stepping ~*~*~tactically~*~*~ (retreating).
  3217 | D:5      | HP: 5/40 [orc wizard/magic dart (7)]
  3219 | D:5      | Killed from afar by an orc wizard

Levels and vault maps discovered:
D:1:      nicolae_arrival_memento_mori, layout_loops_cross,
          basic_ecumenical_altar, serial_bayou_lagoon_b
D:2:      layout_basic
D:3:      minmay_diamond_boxcup, layout_loops_ring
D:4:      layout_loops_ring, serial_shops, nicolae_lakefront_shop,
          nicolae_shop_getting_attention, uniq_crazy_yiuf_cottage
D:5:      layout_loops_ring, minmay_temple_entry_glassed_door, uniq_eustachio

Skill      XL: |  1  2  3  4  5  6 |
---------------+-------------------+-----
Ranged Weapons | 5 6 |  6.7
Fighting       | 3 4 |  4.9
Armour         | 1 |  1.2
Dodging        | |  1.5
Stealth        | |  1.1

Action                     |  1- 3 |  4- 6 || total
---------------------------+-------+-------++-------
   Fire: Shortbow          |   113 |   150 ||   263
    Use: Scroll            |     5 |     7 ||    12
         Potion            |     1 |     3 ||     4
 Armour: Leather armour    |    30 |    69 ||    99
  Dodge: Dodged            |    25 |    45 ||    70

Table legend:
 A = Non-vault XP
 B = Vault XP
 C = Vault XP percentage of total XP
 D = Non-vault monster count
 E = Vault monster count
 F = Vault count percentage of total count
                 A         B        C        D         E       F
            +---------+---------+-------+---------+---------+-------
      Total |     544 |      66 |  10.8 |      86 |       7 |   7.5
            +---------+---------+-------+---------+---------+-------
        D:1 |      60 |       0 |   0.0 |      32 |       0 |   0.0
        D:2 |      24 |       0 |   0.0 |      15 |       0 |   0.0
        D:3 |      75 |      66 |  46.8 |      15 |       7 |  31.8
        D:4 |     343 |       0 |   0.0 |      21 |       0 |   0.0
        D:5 |      42 |       0 |   0.0 |       3 |       0 |   0.0
            +---------+---------+-------+---------+---------+-------
